 Dungeon Crawl Stone Soup version 0.24.1-4-ge52af88ad5 (webtiles) character file.

Game seed: 6382494697647807100, levelgen mode: deterministic

276 Jakon the Shooter (level 6, -13/37 HPs)
             Began as a Gargoyle Hunter on Apr 16, 2020.
             Killed by divine providence
             ... invoked by an orc priest
              (14 damage)
             ... on level 4 of the Dungeon.
             The game lasted 00:09:08 (2495 turns).

Jakon the Shooter (Gargoyle Hunter)                 Turns: 2495, Time: 00:09:08

Health: -13/37     AC:  8    Str: 16    XL:     6   Next: 25%
Magic:  6/6        EV: 12    Int: 12    God:
Gold:   193        SH:  0    Dex: 11    Spells: 5/5 levels left

rFire    . . .     SeeInvis .   a - +1 shortbow
rCold    . . .     Gourm    .   (shield currently unavailable)
rNeg     + . .     Faith    .   c - +0 leather armour
rPois    ∞         Spirit   .   (no helmet)
rElec    +         Reflect  .   (no cloak)
rCorr    .         Harm     .   (no gloves)
MR       .....                  o - +0 pair of boots
Stlth    +.........             (no amulet)
HPRegen  0.12/turn              (no ring)
MPRegen  0.10/turn              (no ring)

@: no status effects
A: negative energy resistance 1, electricity resistance, unbreathing,
petrification resistance, rot immunity, AC +4
a: no special abilities


You were on level 4 of the Dungeon.
You were not hungry.

You visited 1 branch of the dungeon, and saw 4 of its levels.

You collected 193 gold pieces.

Inventory:

Hand Weapons
 a - a +1 shortbow (weapon)
 b - a +0 short sword
Missiles
 d - 84 arrows (quivered)
 g - 7 silver javelins
 l - 20 poisoned darts
 q - 3 curare-tipped darts
Armour
 c - a +0 leather armour (worn)
 o - a +0 pair of boots (worn)
Scrolls
 e - 4 scrolls of identify {unknown}
 h - 2 scrolls of amnesia {unknown}
 i - 4 scrolls of teleportation {unknown}
 j - a scroll of immolation {unknown}
 k - a scroll of noise {unknown}
 n - a scroll of remove curse {unknown}
 p - 2 scrolls of enchant armour {unknown}
 s - 2 scrolls of fear {unknown}
Potions
 m - a potion of might {unknown}
 t - a potion of haste {unknown}
 u - a potion of mutation {unknown}
 v - a potion of ambrosia {unknown}
Comestibles
 f - 4 rations
 r - a chunk of flesh


   Skills:
 + Level 3.0 Fighting
 + Level 0.3 Short Blades
 + Level 6.5 Bows
 + Level 0.4 Throwing
 + Level 1.4 Armour
 + Level 1.8 Dodging
 + Level 1.5 Stealth


You had 5 spell levels left.
You didn't know any spells.
Your spell library was empty.

Dungeon Overview and Level Annotations

Branches:
Dungeon (4/15)
 Temple: D:4-7

Altars:
Xom


Innate Abilities, Weirdness & Mutations

You are resistant to torment.
Your stone body is resilient. (AC +4)
You are immune to poison.
You resist negative energy. (rN+)
You are resistant to electric shocks. (rElec)
You can survive without breathing.
You are immune to petrification.
You are immune to rotting.


Message History

An orc priest comes into view.
It is wielding a +0 hand axe. 2 orcs come into view.
The orc shouts!
The orc priest shouts!
The orc shouts!
You hear a shout!
The orc priest mumbles some strange prayers to Beogh against you.
Beogh smites you!
An orc comes into view. It is wielding a +0 short sword.
An orc priest comes into view. It is wielding a +0 dagger.
The orc shouts!
You see here an arrow.
The orc priest invokes the aid of Beogh against you.
Beogh smites you!
Okay, then.
Okay, then.
The orc priest invokes the aid of Beogh against you.
Beogh smites you!
* * * LOW HITPOINT WARNING * * *
The orc priest invokes the aid of Beogh against you.
Beogh smites you!
You die...

..#####.# #.### #.# #...#
... .# ###.### #...# ...
## #.....# #...# .... ####
#.#.#.# #...# .o... ...#
#.#...#######...#####.....
##.##
#.##..#..............((...
#..#
#...............oo........
##..#
###..##...@...o.o.((......
<...#
#..########...######....
###.# #..# #...# . #.#
#..# #...# #.#####..#
#?..# #........# #...#
#######.## #...# #.# .#.##
######.# . ..


You could see an orc priest and 3 orcs.

Vanquished Creatures
  A centaur (D:3)
  A scorpion (D:4)
  Terence (D:3)
  A worker ant (D:4)
  2 adders (D:2)
  An ooze (D:1)
  3 worms
  3 dart slugs (D:1)
  3 leopard geckos
  2 orcs
  A giant cockroach (D:2)
  8 goblins
  6 hobgoblins
  4 jackals (D:4)
  8 kobolds
  7 bats
  5 frilled lizards
  6 rats
63 creatures vanquished.

Notes
Turn   | Place    | Note
-------+----------+-------------------------------------------
     0 | D:1      | Jakon the Gargoyle Hunter began the quest for the Orb.
     0 | D:1      | Reached XP level 1. HP: 12/12 MP: 1/1
   107 | D:1      | Reached XP level 2. HP: 17/17 MP: 2/2
   514 | D:1      | Reached XP level 3. HP: 21/21 MP: 3/3
   834 | D:2      | Reached skill level 5 in Bows
  1045 | D:2      | Reached XP level 4. HP: 27/27 MP: 4/4
  1073 | D:2      | Found a shimmering altar of Xom.
  1716 | D:3      | Noticed a centaur
  1793 | D:3      | Noticed Terence
  1824 | D:3      | Killed Terence
  1883 | D:3      | Reached skill level 1 in Armour
  1974 | D:3      | Killed a centaur
  1974 | D:3      | Reached skill level 6 in Bows
  1974 | D:3      | Reached XP level 5. HP: 23/32 MP: 5/5
  2371 | D:4      | Reached XP level 6. HP: 34/36 MP: 6/6
  2494 | D:4      | HP: 1/37 [orc priest/divine providence (14)]
  2495 | D:4      | Killed from afar by an orc priest

Levels and vault maps discovered:
D:1:      zelgadis_glass_arrival_small, layout_loops_cross
D:2:      layout_basic, old_standard_altar, minmay_tall_x
D:3:      layout_basic, uniq_terence
D:4:      layout_loops_cross

Skill      XL: |  1  2  3  4  5  6 |
---------------+-------------------+-----
Bows           | 5 6 |  6.5
Armour         | 1 |  1.4
Fighting       | 3 |  3.0
Short Blades   | |  0.3
Throwing       | |  0.4
Dodging        | |  1.8
Stealth        | |  1.5

Action                   |  1- 3 |  4- 6 || total
-------------------------+-------+-------++-------
Melee: Short sword       |       |    19 ||    19
 Fire: Shortbow          |    65 |    91 ||   156
Throw: Javelin           |       |     7 ||     7
  Eat: Chunk             |       |     5 ||     5
Armor: Leather armour    |     8 |    24 ||    32
Dodge: Dodged            |    11 |    44 ||    55
